 Dungeon Crawl Stone Soup version 0.30-b1-2-g02819fbbbe (webtiles) character file.

Game seed: 13522093565223790084

4 sanka the Sneak (level 1, 0/19 HPs)
             Began as a Djinni Brigand on May 7, 2023.
             Slain by a gnoll
             ... wielding a +0 club
              (4 damage)
             ... on level 1 of the Dungeon.
             The game lasted 00:00:43 (162 turns).

sanka the Sneak (Djinni Brigand)                     Turns: 162, Time: 00:00:43

Health: 0/19       AC:  3    Str: 10    XL:     1   Next: 77%
Gold:   15         EV: 12    Int: 12    God:
                   SH:  0    Dex: 14

rFire   + + .        a - +2 dagger
rCold   x . .        (no shield)
rNeg    . . .        b - +0 robe
rPois   ∞            (no helmet)
rElec   .            c - +0 cloak
rCorr   .            (no gloves)
SInv    .            (boots unavailable)
Will    .....        (no amulet)
Stlth   ++           (no ring)
HPRegen 0.23/turn    (no ring)
MPRegen 0.00/turn

%: infuse magic (-1 HP)
@: flying
A: sickness immunity, fire resistance 2, cold vulnerability 1, float, innate
caster, HP casting, extra vitality 1
a: no special abilities


You were on level 1 of the Dungeon.
You visited 1 branch of the dungeon, and saw 1 of its levels.

You collected 15 gold pieces.

Inventory:

Hand Weapons
 a - a +2 dagger (weapon)
Missiles
 d - a poisoned dart (quivered)
 e - 3 curare-tipped darts {=f}
Armour
 b - a +0 robe (worn)
 c - a +0 cloak (worn)
Scrolls
 f - a scroll of identify {unknown}


   Skills:
 + Level 2.4 Fighting
 - Level 1.7 Short Blades
 - Level 1.5 Throwing
 - Level 1.1 Dodging
 - Level 3.2 Stealth You didn't know any spells. Your spell library was empty.

Dungeon Overview and Level Annotations

Branches:
Dungeon (1/15)

Altars:


Innate Abilities, Weirdness & Mutations

You are immune to sickness and miasma.
You are immune to poison.
Your flesh is very heat resistant. (rF++)
You are vulnerable to cold. (rC-)
You float through the air rather than walking.
You learn spells naturally, not from books.
Your magical power is your life essence.
You have superior vitality. (+4 MHP)


Message History

You throw a poisoned dart. The poisoned dart hits the gnoll.
The gnoll hits you with a +0 club.
Unknown command.
Unknown command.
Throw: 4 darts (poison)
Press: ? - help, Q - select action, (/) - cycle Shift-Dir - straight line, f/p - gnoll
Aim: a gnoll, wielding a +0 club (63% to hit)
You throw a poisoned dart.
The poisoned dart closely misses the gnoll.
The gnoll closely misses you.
Throw: 3 darts (poison)
Press: ? - help, Q - select action, (/) - cycle Shift-Dir - straight line, f/p - gnoll
Aim: a gnoll, wielding a +0 club (63% to hit)
You throw a poisoned dart.
The poisoned dart closely misses the gnoll.
The gnoll hits you with a +0 club.
Unknown command.
Throw: 2 darts (poison)
Press: ? - help, Q - select action, (/) - cycle Shift-Dir - straight line, f/p - gnoll
Aim: a gnoll, wielding a +0 club (63% to hit)
You throw a poisoned dart. The poisoned dart hits the gnoll.
The gnoll is poisoned.
The gnoll hits you with a +0 club.
Unknown command.
You see here a +0 club.
You closely miss the gnoll.
The gnoll is lightly wounded.
The gnoll looks more healthy.
You hit the gnoll.
The gnoll is heavily wounded.
The gnoll hits you with a +0 club.
* * * LOW HITPOINT WARNING * * *
You barely miss the gnoll.
The gnoll is heavily wounded.
The gnoll hits you with a +0 club.
* * * LOW HITPOINT WARNING * * *
You closely miss the gnoll.
The gnoll is heavily wounded.
The gnoll hits you with a +0 club.
You die...

#.#.#<...####.#.##[##
#.#.######..#.#...##
###.#..#...#.#..##....###
##
###.##.####.##..≈###...#
... #.##≈.##...###[≈.≈#
#.#..
#.#..#..###.#..#..###.((
##.##..##..##(..##...(#
#.#################..#
#............@g)....##
#####################


You could see a gnoll.

Vanquished Creatures
  A worm (D:1)
  A goblin (D:1)
2 creatures vanquished.

Notes
Turn   | Place    | Note
-------+----------+-------------------------------------------
     0 | D:1      | sanka the Djinni Brigand began the quest for the Orb.
     0 | D:1      | Reached XP level 1. HP: 18/18 MP: 0/0
   162 | D:1      | Slain by a gnoll

Illustrated notes

Levels and vault maps discovered:
D:1:      dpeg_arrival_brainrot, layout_basic, basic_ecumenical_altar

Action                     || total
---------------------------++-------
  Melee: Dagger            ||     9
  Throw: Dart              ||     8
   Stab: Sleeping          ||     1
  Dodge: Dodged            ||     2
